 Dungeon Crawl Stone Soup version 0.24-a0-282-g1a68c91 (webtiles) character file.

Game seed: 8761161202030897933

831 Ijustatesigmund the Cudgeler (level 7, -2/51 HPs)
             Began as an Octopode Fighter on May 3, 2019.
             Slain by an orc
             ... wielding a +0 flail
              (3 damage)
             ... on level 5 of the Dungeon.
             The game lasted 00:05:59 (3804 turns).

Ijustatesigmund the Cudgeler (Octopode Fighter)     Turns: 3804, Time: 00:06:00

Health: -2/51      AC:  1    Str: 15    XL:     7   Next: 98%
Magic:  7/7        EV: 13    Int: 10    God:
Gold:   176        SH:  9    Dex: 14    Spells: 6/6 levels left

rFire    . . .     SeeInvis .   a - +1 flail (holy)
rCold    . . .     Gourm    .   b - +0 shield
rNeg     . . .     Faith    .   (helmet restricted)
rPois    +         Spirit   .   (no amulet)
rElec    .         Reflect  .   e - ring of flight
rCorr    .         Harm     .   j - ring of poison resistance
MR       .....                  (no ring)
Stlth    +++.......             (no ring)
HPRegen  0.17/turn              (no ring)
MPRegen  0.10/turn              (no ring)
                                (no ring)
                                (no ring)

@: berserk cooldown, slowed, very slow
A: almost no armour, stealthy swim, amphibious, 8 rings, constrict 8, camouflage
1, gelatinous body 1
a: Evoke Flight


You were on level 5 of the Dungeon.
You were not hungry.

You visited 1 branch of the dungeon, and saw 5 of its levels.

You collected 176 gold pieces.

Inventory:

Hand Weapons
 a - a +1 flail of holy wrath (weapon)
Armour
 b - a +0 shield (worn)
Jewellery
 e - a ring of flight (left tentacle)
 h - an uncursed ring of fire
 j - a ring of poison resistance (right tentacle)
 l - a +2 ring of dexterity {unknown}
Scrolls
 g - 4 scrolls of teleportation
Potions
 i - 3 potions of lignification
 o - a potion of flight {unknown}
Comestibles
 d - 4 rations
 n - 3 chunks of flesh


   Skills:
 * Level 5.7 Fighting
 * Level 6.2 Maces & Flails
 + Level 3.9 Dodging
 + Level 1.0 Stealth
 + Level 4.0 Shields


You had 6 spell levels left.
You didn't know any spells.
Your spell library was empty.

Dungeon Overview and Level Annotations

Branches:
Dungeon (5/15)
 Temple: D:4-7

Altars:
Kikubaaqudgha


Innate Abilities, Weirdness & Mutations

You cannot wear most types of armour.
You are very stealthy in the water. (Stealth+)
You are amphibious.
You can wear up to eight rings at the same time.
You can use your tentacles to constrict eight enemies at once.
Your skin changes colour to match your surroundings (Stealth+).
Your rubbery body absorbs attacks. (AC +1, EV +1)


Message History

You feel a strong urge to attack something.
Things that are here:
4 silver tomahawks; a +0 leather armour You feel your anger nearly subside.
You are no longer berserk.
You are exhausted.
You feel yourself slow down.
Really walk into that dispersal trap?
You enter a dispersal trap!
The orc blinks! x6; You blink.
You aren't carrying any items that you can evoke.
Unknown command.
It was a potion of magic.
Magic courses through your body.
You sock the orc! Your grab misses the orc.
The orc is almost dead.
You block the orc's attack. The orc misses you.
You barely miss the orc. Your grab misses the orc.
The orc is severely wounded.
The orc hits you.
* * * LOW HITPOINT WARNING * * *
The orc hits you with a +0 flail.
You die...

#.###..§.......
##'###......#'####.
#..(...[...).......
#........()§).#
#.....^..o#.###
#.........#.h.
#.......h.###...
#.....oo..# .....
#.....@...# ....
##+####+#.# #...
#(# .## #.. ... ###


You could see a howler monkey and 3 orcs.

Vanquished Creatures
  Sigmund (D:2)
  An ogre (D:3)
  A howler monkey (D:4)
  Crazy Yiuf (D:4)
  A bullfrog zombie (D:5)
  A hound (D:4)
  4 orc priests
  A gnoll shaman (D:4)
  5 orc wizards
  2 worker ants (D:4)
  4 gnolls (D:4)
  A dart slug (D:2)
  3 leopard geckos
  22 orcs
  4 bats (D:1)
  5 giant cockroaches
  3 goblins
  8 hobgoblins
  A quokka (D:2)
  4 frilled lizards
  7 kobolds
  7 rats
87 creatures vanquished.

Notes
Turn   | Place    | Note
-------+----------+-------------------------------------------
     0 | D:1      | Ijustatesigmund the Octopode Fighter began the quest for
                  | the Orb.
     0 | D:1      | Reached XP level 1. HP: 16/16 MP: 1/1
   141 | D:1      | Reached XP level 2. HP: 18/21 MP: 2/2
   686 | D:2      | Found an ancient bone altar of Kikubaaqudgha.
   819 | D:2      | Reached skill level 3 in Maces & Flails
   821 | D:2      | Reached XP level 3. HP: 19/26 MP: 3/3
   824 | D:2      | Noticed Sigmund
   834 | D:2      | Killed Sigmund
   834 | D:2      | Reached skill level 4 in Maces & Flails
   834 | D:2      | Reached XP level 4. HP: 17/33 MP: 4/4
   834 | D:2      | Reached XP level 5. HP: 19/37 MP: 5/5
  1539 | D:3      | Reached XP level 6. HP: 23/44 MP: 6/6
  1544 | D:3      | Reached skill level 5 in Maces & Flails
  2659 | D:4      | Reached XP level 7. HP: 40/49 MP: 7/7
  2661 | D:4      | Reached skill level 5 in Fighting
  3180 | D:4      | Found a runed translucent door.
  3181 | D:4      | Noticed Crazy Yiuf
  3187 | D:4      | Killed Crazy Yiuf
  3464 | D:4      | Reached skill level 6 in Maces & Flails
  3662 | D:5      | Entered Level 5 of the Dungeon
  3792 | D:5      | Reached skill level 1 in Stealth
  3796 | D:5      | HP: 2/76 [orc/+0 dagger (3)]
  3804 | D:5      | HP: 1/51 [orc (1)]
  3804 | D:5      | Slain by an orc

Levels and vault maps discovered:
D:1:      scummos_arrival_simple_fountains, layout_basic, minivault_24
D:2:      layout_basic, lemuel_doored_altar, kennysheep_generic_room_3,
          uniq_sigmund
D:3:      layout_basic
D:4:      layout_loops_ring, uniq_crazy_yiuf_cottage
D:5:      layout_basic, kennysheep_mini, lemuel_coloured_pillars_altar,
          first_ration

Skill      XL: |  1  2  3  4  5  6  7 |
---------------+----------------------+-----
Maces & Flails | 3 4 5 6 |  6.2
Fighting       | 4 5 |  5.7
Shields        | 4 |  4.0
Stealth        | 1 |  1.0
Dodging        | |  3.9

Action                   |  1- 3 |  4- 6 |  7- 9 || total
-------------------------+-------+-------+-------++-------
Melee: Flail             |    47 |    54 |    87 ||   188
       Constrict         |    13 |    15 |    28 ||    56
       Tentacles         |     8 |     8 |    16 ||    32
  Use: Scroll            |     3 |     4 |     3 ||    10
       Potion            |     2 |       |     4 ||     6
 Stab: Sleeping          |     4 |     3 |       ||     7
  Eat: Chunk             |       |     5 |     4 ||     9
Armor: Skin              |     5 |     2 |     2 ||     9
Dodge: Dodged            |    26 |    19 |    39 ||    84
Block: Shield            |    14 |    18 |    49 ||    81

Table legend:
 A = Non-vault XP
 B = Vault XP
 C = Vault XP percentage of total XP
 D = Non-vault monster count
 E = Vault monster count
 F = Vault count percentage of total count
                 A         B        C        D         E       F
            +---------+---------+-------+---------+---------+-------
      Total |     919 |     269 |  22.6 |      85 |       2 |   2.3
            +---------+---------+-------+---------+---------+-------
        D:1 |      21 |       0 |   0.0 |      15 |       0 |   0.0
        D:2 |      27 |     227 |  89.4 |      15 |       1 |   6.2
        D:3 |     222 |       0 |   0.0 |      15 |       0 |   0.0
        D:4 |     463 |      42 |   8.3 |      29 |       1 |   3.3
        D:5 |     186 |       0 |   0.0 |      11 |       0 |   0.0
            +---------+---------+-------+---------+---------+-------
